 Dungeon Crawl Stone Soup version 0.24.0-13-gcf9b3192b9 (webtiles) character file.

Game seed: 9529361372349693383, levelgen mode: deterministic

676 Froggeryz the Firebug (level 7, 0/54 HPs)
             Began as a Gargoyle Earth Elementalist on Nov 7, 2019.
             Slain by a centaur (2 damage)
             ... on level 5 of the Dungeon.
             The game lasted 00:05:54 (3221 turns).

Froggeryz the Firebug (Gargoyle Earth Elementalist) Turns: 3221, Time: 00:05:54

Health: 0/54       AC:  8    Str: 16    XL:     7   Next: 60%
Magic:  9/10       EV: 12    Int: 18    God:
Gold:   264        SH:  0    Dex: 10    Spells: 6/10 levels left

rFire    . . .     SeeInvis .   s - +8 scythe (venom)
rCold    . . .     Gourm    .   (shield currently unavailable)
rNeg     + . .     Faith    .   c - +1 robe
rPois    ∞         Spirit   .   (no helmet)
rElec    +         Reflect  .   (no cloak)
rCorr    .         Harm     .   t - +0 pair of gloves
MR       .....                  (no boots)
Stlth    ..........             (no amulet)
HPRegen  0.18/turn              (no ring)
MPRegen  0.12/turn              (no ring)

@: berserking, very quick
A: negative energy resistance 1, electricity resistance, unbreathing,
petrification resistance, rot immunity, AC +4
a: no special abilities


You were on level 5 of the Dungeon.
You were very hungry.

You visited 1 branch of the dungeon, and saw 5 of its levels.

You collected 264 gold pieces.

Inventory:

Hand Weapons
 j - a +0 whip of freezing
 s - a +8 scythe of venom (weapon)
Missiles
 b - 76 stones (quivered)
Armour
 c - a +1 robe (worn)
 t - a +0 pair of gloves (worn)
Jewellery
 m - an uncursed ring of poison resistance {unknown}
Wands
 p - a wand of enslavement (8)
 w - a wand of random effects (55)
Scrolls
 a - 2 scrolls of fear {unknown}
 e - 4 scrolls of enchant armour
 i - 8 scrolls of identify {unknown}
 k - 9 scrolls of remove curse {unknown}
 l - a scroll of blinking {unknown}
 o - a scroll of amnesia {unknown}
 q - 2 scrolls of teleportation {unknown}
 u - a scroll of random uselessness {unknown}
 v - 2 scrolls of enchant weapon {unknown}
 y - a scroll of magic mapping {unknown}
Potions
 f - a potion of degeneration {unknown}
 g - a potion of agility
 h - a potion of mutation {unknown}
 n - a potion of berserk rage
 r - a potion of lignification {unknown}
 x - a potion of brilliance {unknown}
 z - a potion of might {unknown}
 A - a potion of haste
Comestibles
 d - 9 rations


   Skills:
 - Level 1.5 Dodging
 - Level 2.1 Stealth
 - Level 2.0 Spellcasting
 - Level 0.7 Transmutations
 * Level 7.4 Fire Magic
 - Level 5.0 Earth Magic


You had 6 spell levels left.
You knew the following spells:

 Your Spells              Type           Power        Failure   Level  Hunger
a - Sandblast             Erth           ###...       2%          1    #......
b - Ignite Poison         Fire/Tmut/Pois ##......     19%         3    ###....

Your spell library contained the following spells:

 Spells                   Type           Power        Failure   Level  Hunger
 Passwall                 Tmut/Erth      ##......     9%          2    ###....
 Corona                   Hex            #......      19%         1    #......
 Stone Arrow              Conj/Erth      ##....       19%         3    ###....
 Ensorcelled Hibernation  Hex/Ice        #.....       26%         2    ###....
 Confuse                  Hex            #.......     47%         3    ###....
 Dazzling Spray           Conj/Hex       #.....       47%         3    ###....
 Tukima's Dance           Hex            #.......     47%         3    ###....
 Petrify                  Tmut/Erth      ##......     50%         4    #####..
 Lee's Rapid Deconstruct  Erth           ###.......   54%         5    ######.
 Fireball                 Conj/Fire      ###.......   73%         5    ######.
 Bolt of Fire             Conj/Fire      ###.......   99%         6    #######
 Ring of Flames           Chrm/Fire      ###.......   100%        7    #######
 Ignition                 Fire           ####......   100%        8    #######


Dungeon Overview and Level Annotations

Branches:
Dungeon (5/15)
 Temple: D:4-7

Altars:
Elyvilon


Innate Abilities, Weirdness & Mutations

You are resistant to torment.
Your stone body is resilient. (AC +4)
You are immune to poison.
You resist negative energy. (rN+)
You are resistant to electric shocks. (rElec)
You can survive without breathing.
You are immune to petrification.
You are immune to rotting.


Message History

Aim: a centaur The blast of sand hits the centaur!
The centaur is moderately wounded.
b - 76 stones The centaur hits you.
The ice beast barely misses you. The iguana bites you.
* * * LOW HITPOINT WARNING * * *
The centaur hits you.
* * * LOW HITPOINT WARNING * * *
Unknown command.
As you read the scroll labeled DIGUFI DUSTA, it crumbles to dust.
It is a scroll of enchant armour.
Your +0 robe glows green for a moment.
The ice beast barely misses you. The centaur hits you.
* * * LOW HITPOINT WARNING * * *
The iguana closely misses you.
Unknown command.
It was a potion of berserk rage.
A red film seems to cover your vision as you go berserk!
You feel yourself moving faster!
You feel mighty! The centaur hits you.
You die...

...............
..(.............
.......)..[.....
##
...............Z.
.##
.....>...........
..#
......%..........
..#
........Ycl......
..##
.........@.......
...#
................
...#
####............
..##
###.>(......# ###
##....########
.### ###..(###
...######....##
#....##....###
####.....###


You could see an ice beast, a centaur, an iguana and an adder zombie.

Vanquished Creatures
  Sigmund (D:2)
  An orc warrior (D:4)
  A hound (D:4)
  2 orc wizards (D:4)
  An orc priest (D:4)
  2 centaur skeletons (D:4)
  Terence (D:3)
  An iguana (D:4)
  A worker ant (D:4)
  3 gnolls (D:3)
  7 adders
  An ooze (D:2)
  A worm (D:2)
  2 dart slugs (D:2)
  2 leopard geckos (D:1)
  12 orcs
  4 bats
  2 giant cockroaches
  4 goblins
  7 hobgoblins
  2 quokkas (D:4)
  5 frilled lizards
  8 kobolds
  10 rats
81 creatures vanquished.

Notes
Turn   | Place    | Note
-------+----------+-------------------------------------------
     0 | D:1      | Froggeryz the Gargoyle Earth Elementalist began the quest
                  | for the Orb.
     0 | D:1      | Reached XP level 1. HP: 10/10 MP: 3/3
   118 | D:1      | Reached XP level 2. HP: 12/15 MP: 1/5
   436 | D:1      | Reached XP level 3. HP: 12/19 MP: 6/6
   639 | D:2      | Learned a level 3 spell: Ignite Poison
   694 | D:2      | Reached skill level 5 in Earth Magic
   928 | D:2      | Reached skill level 1 in Fire Magic
   974 | D:2      | Reached skill level 2 in Fire Magic
   974 | D:2      | Reached XP level 4. HP: 7/24 MP: 3/7
  1319 | D:2      | Noticed Sigmund
  1325 | D:2      | Killed Sigmund
  1325 | D:2      | Reached skill level 4 in Fire Magic
  1325 | D:2      | Reached XP level 5. HP: 28/28 MP: 4/8
  1325 | D:2      | Reached XP level 6. HP: 32/32 MP: 4/9
  1813 | D:3      | Reached skill level 5 in Fire Magic
  1947 | D:3      | Noticed Terence
  1957 | D:3      | Killed Terence
  2343 | D:4      | Found a white marble altar of Elyvilon.
  2431 | D:4      | Reached skill level 6 in Fire Magic
  2435 | D:4      | Reached XP level 7. HP: 5/36 MP: 8/10
  2568 | D:4      | Reached skill level 7 in Fire Magic
  3186 | D:5      | Entered Level 5 of the Dungeon
  3220 | D:5      | HP: 1/36 [centaur (1)]
  3221 | D:5      | Slain by a centaur

Levels and vault maps discovered:
D:1:      tarquinn_simple_flora_water_c, layout_basic
D:2:      layout_loops_corners, minmay_ruptured, uniq_sigmund
D:3:      layout_basic, first_ration, serial_park_tiny_2, uniq_terence
D:4:      layout_rooms, elyvilon_altar_5
D:5:      layout_cave_pods, temple_green, uniq_menkaure

Skill      XL: |  1  2  3  4  5  6  7 |
---------------+----------------------+-----
Earth Magic    | 4 5 |  5.0
Fire Magic     | 2 4 6 7 |  7.4
Dodging        | |  1.5
Stealth        | |  2.1
Spellcasting   | |  2.0
Transmutations | |  0.7

Action                   |  1- 3 |  4- 6 |  7- 9 || total
-------------------------+-------+-------+-------++-------
Melee: Unarmed           |    45 |       |       ||    45
       Whip              |    48 |     8 |       ||    56
       Scythe            |       |    62 |    25 ||    87
Throw: Stone             |       |     1 |       ||     1
 Cast: Sandblast         |    21 |     9 |    21 ||    51
Evoke: Wand              |       |       |     1 ||     1
  Use: Potion            |       |       |     7 ||     7
       Scroll            |       |       |     1 ||     1
 Stab: Sleeping          |     1 |       |     1 ||     2
  Eat: Chunk             |       |     4 |     3 ||     7
Armor: Robe              |    27 |    36 |    25 ||    88
Dodge: Dodged            |    54 |    63 |    38 ||   155
